 Dungeon Crawl Stone Soup version 0.28-a0-1629-gf728b707aa (webtiles) character file.

Game seed: 9072610261501644165

116 testman the Magician (level 5, 0/40 HPs)
             Began as a Djinni Hedge Wizard on Jan 24, 2022.
             Slain by Robin (2 damage)
             ... on level 3 of the Dungeon.
             The game lasted 00:09:33 (3230 turns).

testman the Magician (Djinni Hedge Wizard)          Turns: 3230, Time: 00:09:34

Health: 0/40       AC:  6    Str:  9    XL:     5   Next: 21%
Gold:   108        EV: 12    Int: 17    God:
                   SH:  0    Dex: 13

rFire   + + .      SeeInvis +   e - +0 dagger (drain)
rCold   x . .      Faith    .   (no shield)
rNeg    . . .      Spirit   .   b - +0 robe
rPois   ∞          Reflect  .   c - +0 hat
rElec   .          Harm     .   (no cloak)
rCorr   .          Rampage  .   (no gloves)
Will    .....                   (boots unavailable)
Stlth   ++........              (no amulet)
HPRegen 0.13/turn               r - ring of see invisible
MPRegen 0.00/turn               s - +4 ring of protection

@: flying
A: sickness immunity, fire resistance 2, cold vulnerability 1, float, innate
caster, hp casting, extra vitality 1
a: no special abilities


You were on level 3 of the Dungeon.
You visited 1 branch of the dungeon, and saw 3 of its levels.

You collected 128 gold pieces.
You spent 20 gold pieces at shops.

Inventory:

Hand Weapons
 e - a +0 dagger of draining (weapon)
Missiles
 h - 145 stones
Armour
 b - a +0 robe (worn)
 c - a +0 hat (worn)
Jewellery
 r - a ring of see invisible (left hand)
 s - a +4 ring of protection (right hand)
Wands
 t - a wand of digging (4)
Scrolls
 a - a scroll of immolation {unknown}
 f - 2 scrolls of enchant weapon {unknown}
 g - a scroll of brand weapon {unknown}
 i - a scroll of amnesia {unknown}
 j - a scroll of teleportation {unknown}
 k - a scroll of holy word {unknown}
 q - a scroll of vulnerability {unknown}
Potions
 d - a potion of berserk rage
 m - a potion of ambrosia
 n - 2 potions of heal wounds
 o - a potion of curing
 p - a potion of degeneration {unknown}


   Skills:
 + Level 3.0 Fighting
 - Level 2.1 Dodging
 - Level 1.5 Stealth
 + Level 3.4 Spellcasting


You couldn't memorise any spells.
You knew the following spells:

 Your Spells              Type           Power      Damage    Failure   Level
a - Magic Dart            Conj           56%        1d5       4%          1
b - Blink                 Tloc           28%        N/A       6%          2
c - Call Imp              Summ           14%        N/A       6%          2
d - Slow                  Hex            56%        N/A       4%          1
e - Conjure Flame         Conj/Fire      14%        6-21      12%         3
f - Mephitic Cloud        Conj/Pois/Air  14%        N/A       12%         3
g - Summon Small Mammal   Summ           56%        N/A       4%          1
h - Ensorcelled Hibernat  Hex/Ice        28%        N/A       6%          2
Your spell library was empty.

Dungeon Overview and Level Annotations

Branches:
Dungeon (3/15)

Altars:

Shops:
D:3 ?

Annotations:
D:3 Robin


Innate Abilities, Weirdness & Mutations

You are immune to sickness and miasma.
You are immune to poison.
Your flesh is very heat resistant. (rF++)
You are vulnerable to cold. (rC-)
You float through the air rather than walking.
You learn spells naturally, not from books.
Your magical power is your life essence.
You have superior vitality. (+4 MHP)


Message History

You hit the hobgoblin but do no damage. You drain the hobgoblin.
The hobgoblin is heavily wounded.
The hobgoblin closely misses you.
You barely miss the hobgoblin.
The hobgoblin is heavily wounded.
The hobgoblin barely misses you.
You hit the hobgoblin but do no damage.
The hobgoblin is heavily wounded.
Robin seems less confused.
The hobgoblin misses you.
You hit the hobgoblin. You drain the hobgoblin.
You kill the hobgoblin!
Robin hits you but does no damage. Robin hits you but does no damage.
Items here: ))) †††.
You hit Robin.
Robin is lightly wounded.
Robin hits you with a +0 spear.
* * * LOW HITPOINT WARNING * * *
Unknown command.
You hit Robin. You drain Robin.
Robin is moderately wounded.
Robin closely misses you.
You hit Robin.
Robin is heavily wounded.
Robin barely misses you.
You hit Robin.
Robin is severely wounded.
Robin hits you with a +0 spear.
* * * LOW HITPOINT WARNING * * *
You hit Robin but do no damage. You drain Robin.
Robin is almost dead.
Robin hits you with a +0 spear.
* * * LOW HITPOINT WARNING * * *
You completely miss Robin.
Robin is almost dead.
Robin barely misses you.
You barely miss Robin.
Robin is almost dead.
Robin hits you with a +0 spear.
You die...

#.############.#####.#######
#........................†..
#...##########.###.#.#.#####
#...# #.# #.###.# #...# #.#
#.#...# #...# ..# #.#.###
#...# #######.#.#
#...########.†...#...####
#...#....).@g.##.#####..#
#.l.########.†##........#
#...# #..##.##.....# #...#
#..##.##.....# #...#
##.##..'.....# #...#
#.#####.....# #...# #..
#.....# ######...#######
#..# #.....#
................ .gg.
#.....###


You could see Robin (drained).

Vanquished Creatures
  Terence (D:2)
  2 adders (D:2)
  2 adder zombies (D:2)
  A dart slug (D:2)
  An orc (D:3)
  5 ball pythons
  2 bat skeletons (D:2)
  An endoplasm (D:1)
  12 goblins
  9 hobgoblins
  4 jackals (D:1)
  2 kobolds (D:2)
  6 bats
  4 frilled lizards
  A jackal skeleton (D:2)
  5 rats
58 creatures vanquished.

Vanquished Creatures (others)
  5 fungi (D:3)
  4 plants (D:3)
  A withered plant (D:2)
10 creatures vanquished.

Grand Total: 68 creatures vanquished

Notes
Turn   | Place    | Note
-------+----------+-------------------------------------------
     0 | D:1      | testman the Djinni Hedge Wizard began the quest for the
                  | Orb.
     0 | D:1      | Reached XP level 1. HP: 15/15 MP: 0/0
   526 | D:1      | Reached XP level 2. HP: 18/22 MP: 0/0
   592 | D:1      | Reached skill level 1 in Fighting
  1001 | D:1      | Reached XP level 3. HP: 20/27 MP: 0/0
  1001 | D:1      | Learned a level 1 spell: Summon Small Mammal
  1608 | D:2      | Noticed Terence
  1899 | D:2      | Killed Terence
  1900 | D:2      | Reached XP level 4. HP: 16/34 MP: 0/0
  2519 | D:2      | Reached XP level 5. HP: 34/40 MP: 0/0
  2519 | D:2      | Learned a level 2 spell: Ensorcelled Hibernation
  2853 | D:3      | Found Narhidou's Magic Scroll Boutique.
  2859 | D:3      | Bought a scroll of identify for 20 gold pieces
  3176 | D:3      | Noticed Robin
  3228 | D:3      | HP: 2/40 [Robin (5)]
  3230 | D:3      | Slain by Robin

Illustrated notes

Levels and vault maps discovered:
D:1:      dpeg_chamrin_arrival_tetris, layout_basic, minmay_tetromino_t2
D:2:      layout_rooms, serial_undead, serial_undead_d, serial_undead_b,
          serial_undead_d, serial_undead_c, serial_undead_c, serial_undead_a,
          uniq_terence
D:3:      layout_basic, serial_shops, nicolae_square_shop,
          serial_co_window_serial, co_window_paths_a, co_window_paths_b,
          co_window_of_opportunity_a, co_window_paths_b,
          co_window_of_opportunity_a, co_window_corner_a, co_window_paths_b,
          co_window_broadway_a, co_window_broadway_a, co_window_2corner,
          glass_columns_a, glass_columns_c, glass_columns_b, glass_columns_b,
          glass_columns_a, shapermc_ecumenical_altar_hornbeckon,
          ebering_dispersal_statue_hall, uniq_robin

Skill      XL: |  1  2  3  4  5 |
---------------+----------------+-----
Fighting       | 1 2 3 |  3.0
Spellcasting   | 3 |  3.4
Dodging        | |  2.1
Stealth        | |  1.5

Action                   |  1- 3 |  4- 6 || total
-------------------------+-------+-------++-------
Melee: Dagger            |    82 |    65 ||   147
       Punch             |     2 |     1 ||     3
Throw: Stone             |     4 |       ||     4
 Cast: Magic Dart        |    43 |    25 ||    68
       Mephitic Cloud    |     3 |     2 ||     5
       Slow              |     1 |     1 ||     2
       Conjure Flame     |     1 |       ||     1
  Use: Scroll            |       |     4 ||     4
 Stab: Sleeping          |     1 |     1 ||     2
       Confused          |     2 |       ||     2
Armor: Robe              |    14 |    20 ||    34
Dodge: Dodged            |    48 |    39 ||    87

Table legend: (Time is in decaauts)
 A = Elapsed time spent in this place.
 B = Non-inter-level travel time spent in this place.
 C = Inter-level travel time spent in this place.
 D = Time resting spent in this place.
 E = Time spent auto-exploring this place.
 F = Levels seen in this place.
 G = Mean time per level.
                   A        B        C        D        E       F      G
               +--------+--------+--------+--------+--------+-----+--------+
         Total |   3229 |   3170 |     59 |   1019 |   1760 |   3 | 1076.3 |
       Dungeon |   3229 |   3170 |     59 |   1019 |   1760 |   3 | 1076.3 |
               +--------+--------+--------+--------+--------+-----+--------+

Top non-repeatable levels by time:
     D:1: 1493 daAuts
     D:2: 1209 daAuts
     D:3: 527 daAuts
